 Dungeon Sprint DCSS version 0.30-a0-177-g1cb5dbfd7a (webtiles) character file.

Game seed: 3490002001353007898

70672 hellse the Rich (level 14, -16/159 HPs)
             Began as a Gnoll Transmuter on Oct 2, 2022.
             Was an Initiate of Gozag.
             Killed from afar by Nellie (43 damage)
             ... with a blast of flame
             ... in the Dungeon (Sprint III: "The Ten Rune Challenge").
             The game lasted 00:29:44 (6741 turns).

hellse the Rich (Gnoll Transmuter)                  Turns: 6741, Time: 00:29:48

Health: -16/159    AC: 30    Str: 13    XL:     14   Next: 20%
Magic:  38/42      EV: 18    Int: 26    God:    Gozag
Gold:   2927       SH:  0    Dex: 12    Spells: 12/44 levels left

rFire   + . .      SeeInvis .      - Unarmed
rCold   + . .      Faith    .    (no shield)
rNeg    + + +      Spirit   .    (body armour currently unavailable)
rPois   ∞          Reflect  .    (no helmet)
rElec   +          Harm     .    k - +1 cloak "Copnegh" {rPois rN+ Int+5}
rCorr   +          Rampage  .    (gloves currently unavailable)
Will    ++...      NoTele   +    (boots currently unavailable)
Stlth   ++++......               (no amulet)
HPRegen 0.46/turn                T - ring "Xamib" {rN+ Will+ Int+4 Slay+4 Stlth-}
MPRegen 0.28/turn                M - ring of Weluin {rElec MP+9 Str+2 Stlth-}

@: statue-form, resistant, on berserk cooldown, slowed, very slow
A: slow and powerful, torment resistance 1, boosted hp, fangs 1, strong nose,
distributed training
}: 2/10 runes: decaying, barnacled
a: End Transformation, Renounce Religion, Potion Petition, Call Merchant, Bribe
Branch


You were in the Dungeon.
You worshipped Gozag.
Gozag was most pleased with you.
You were a living statue of rough stone.
You visited 1 branch You collected 15165 gold pieces.
You spent 2626 gold pieces at shops.
You paid 9612 gold pieces to Gozag.

Inventory:

Hand Weapons
 u - a +1 scimitar of flaming
 w - a +9 eveningstar
 L - the +8 falchion "Beetleslayer" {pain, +Blink Will+ Int+4}
   (You took it off a deep elf demonologist in the Dungeon)

   In the hands of one skilled in necromantic magic, it inflicts extra damage on
   living creatures.
   Int:       It affects your intelligence (+4).
   +Blink:    It lets you blink.
   Will:      It increases your willpower.
Missiles
 x - 6 javelins
 U - a silver javelin
Armour
 a - a +0 robe (melded)
 k - the +1 cloak "Copnegh" (worn) {rPois rN+ Int+5}
   (You bought it in a shop in the Dungeon)

   Int:       It affects your intelligence (+5).
   rPois:     It protects you from poison.
   rN:        It protects you from negative energy.
 r - a +0 cloak
 S - a +2 robe of resistance
Magical Staves
 O - a staff of cold
 Q - a staff of fire
 R - a staff of conjuration
Jewellery
 C - the ring of Saodwomi {rC+ Dex+6}
   (You found it in the Dungeon)

   [ring of dexterity]

   Dex:       It affects your dexterity (+6).
   rC:        It protects you from cold.
 I - a +6 ring of strength
 M - the ring of Weluin (right fist) {rElec MP+9 Str+2 Stlth-}
   (You found it in the Dungeon)

   [ring of magical power]

   Str:       It affects your strength (+2).
   rElec:     It insulates you from electricity.
   MP:        It affects your magic capacity (+9).
   Stlth:     It makes you less stealthy.
 N - the ring "Iwogiren" {Ice rPois}
   (You found it in the Dungeon)

   [ring of ice]

   It enhances your ice magic.
   rF:        It makes you vulnerable to fire.
   rC:        It protects you from cold.
   rPois:     It protects you from poison.
 T - the ring "Xamib" (left fist) {rN+ Will+ Int+4 Slay+4 Stlth-}
   (You bought it in a shop in the Dungeon)

   [ring of slaying]

   Int:       It affects your intelligence (+4).
   Slay:      It affects your accuracy & damage with ranged weapons and melee
   (+4).
   rN:        It protects you from negative energy.
   Will:      It increases your willpower.
   Stlth:     It makes you less stealthy.
Wands
 p - a wand of flame (18)
 s - a wand of polymorph (10)
 y - a wand of mindburst (20)
 F - a wand of acid (7)
 P - a wand of digging (4)
Scrolls
 g - a scroll of fog
 j - a scroll of poison
 l - 3 scrolls of torment
 m - 2 scrolls of fear
 z - a scroll of immolation
 A - a scroll of magic mapping
 D - a scroll of enchant weapon
 G - a scroll of vulnerability
 H - 3 scrolls of enchant armour
 J - 5 scrolls of amnesia
 K - a scroll of silence
Potions
 b - a potion of lignification
 c - 3 potions of curing
 e - 2 potions of haste
 f - 2 potions of magic
 i - 6 potions of mutation {unknown}
 n - 2 potions of flight
 q - 2 potions of might
 t - 2 potions of ambrosia
 B - a potion of attraction
 E - 2 potions of degeneration
Miscellaneous
 o - a phantom mirror (inert)


   Skills:
 + Level 15.2 Fighting
 + Level 15.0 Short Blades
 + Level 15.0 Long Blades
 + Level 15.0 Axes
 + Level 15.0 Maces & Flails
 + Level 15.0 Polearms
 + Level 15.0 Staves
 + Level 15.0 Ranged Weapons
 + Level 15.0 Throwing
 + Level 15.0 Armour
 + Level 15.6 Dodging
 + Level 15.0 Stealth
 + Level 15.0 Shields
 + Level 16.2 Unarmed Combat
 + Level 15.7 Spellcasting
 + Level 12.7 Conjurations
 + Level 12.7 Hexes
 + Level 12.7 Summonings
 + Level 12.7 Necromancy
 + Level 12.7 Translocations
 + Level 13.2 Transmutations
 + Level 12.7 Fire Magic
 + Level 12.7 Ice Magic
 + Level 12.7 Air Magic
 + Level 12.7 Earth Magic
 + Level 12.7 Poison Magic
 + Level 16.2 Invocations
 + Level 15.0 Evocations


You had 12 spell levels left.
You knew the following spells:

 Your Spells              Type           Power      Damage    Failure   Level
a - Beastly Appendage     Tmut           100%       N/A       0%          1
b - Ice Form              Ice/Tmut       73%        N/A       1%          4
c - Stone Arrow           Conj/Erth      100%       3d13      1%          3
d - Manifold Assault      Tloc           72%        N/A       1%          4
e - Storm Form            Tmut/Air       36%        N/A       11%         7
f - Silence               Hex/Air        36%        N/A       1%          5
g - Statue Form           Tmut/Erth      48%        N/A       1%          6
h - Blink                 Tloc           100%       N/A       1%          2

Your spell library contained the following spells:

 Spells                   Type           Power      Damage    Failure   Level
 Necrotise                Necr           100%       1d9       0%          1
 Sandblast                Erth           100%       2d20      0%          1
 Wereblood                Tmut           74%        N/A       0%          2
 Cigotuvi's Dreadful Rot  Necr/Pois/Air  100%       N/A       1%          2
 Passwall                 Tmut/Erth      60%        N/A       1%          2
 Dazzling Flash           Conj/Hex       100%       N/A       1%          3
 Inner Flame              Hex/Fire       72%        N/A       1%          3
 Spider Form              Tmut/Pois      73%        N/A       1%          3
 Vampiric Draining        Necr           72%        2d11      1%          3
 Dispel Undead            Necr           72%        3d24      1%          4
 Flame Wave               Conj/Fire      72%        2d16      1%          4
 Agony                    Necr           72%        N/A       1%          5
 Freezing Cloud           Conj/Ice/Air   36%        6-21      1%          5
 Metabolic Englaciation   Hex/Ice        36%        N/A       1%          5
 Death Channel            Necr           36%        N/A       1%          6
 Death's Door             Necr           36%        N/A       100%        9


Dungeon Overview and Level Annotations

Branches:
Dungeon (1/1)

Altars:
Cheibriados
Dithmenos
Elyvilon
Fedhas
Gozag
Hepliaklqana
Kikubaaqudgha
Makhleb
Nemelex Xobeh
Okawaru
Qazlal
Ru
Sif Muna
Trog
Uskayaw
Vehumet
Wu Jian
Xom
Yredelemnul
Zin
The Shining One
Jiyva
Lugonu

Shops:
D *=[=!([?**=[:??[[[=(:![=?(

Annotations:
D 1 exclusion, Nellie


Innate Abilities, Weirdness & Mutations

You are a living statue of rough stone.
Your actions are slow, but your melee attacks are powerful.
You are resistant to unholy torment.
Your maximum health is greatly increased.
You are immune to poison.
Your equipment is partially melded.
You have very sharp teeth.
Your uncanny sense of smell can sniff out nearby items.
Your experience applies equally to all skills.


Message History

You no longer have enough gold to bribe branches to halt enemies' attacks and recruit allies.
You feel much better.
You feel better.
You're still recovering from your berserk rage.
Nellie misses you. x2; Nellie gores you but does no damage.
Nellie barely misses you. Nellie bites you but does no damage.
Nellie gores you but does no damage. Nellie tramples you.
You stumble backwards!
Aiming: Polymorph
Press: ? - help, Shift-Dir - straight line, f/p - Nellie
Aim: Nellie (steam, severely wounded, will become a Brimstone Fiend, an Ice Fiend, or a Tzitzimitl, chance to affect: 1%)
Okay, then.
Unknown command.
Okay, then.
Okay, then.
Okay, then.
You punch Nellie!
Nellie is severely wounded.
Nellie is engulfed in a cloud of scalding steam.
Nellie breathes flames at you. The blast of flame hits you!!! You resist.
* * * LOW HITPOINT WARNING * * *
You hit Nellie. You punch Nellie! You bite Nellie, but do no damage.
Nellie is almost dead.
Nellie misses you. Nellie bites you.
* * * LOW HITPOINT WARNING * * *
Nellie gores you but does no damage.
Nellie is engulfed in a cloud of scalding steam.
Nellie breathes flames at you. The blast of flame hits you!! You resist.
* * * LOW HITPOINT WARNING * * *
You feel much better. Nellie tramples you but does no damage.
Nellie bites you but does no damage. Nellie closely misses you.
Nellie blinks!
Casting: Statue Form (mildly dangerous; 1% risk of failure)
Confirm with . or Enter, or press ? or * to list all spells.
Space momentarily warps into an impossible shape!
You pummel Nellie like a punching bag!!!
Nellie breathes flames at you. The blast of flame hits you!!! You resist.
You die...
Your body crumbles into a pile of gold.

..'.#...##.[.['.....)#*∆$∆,,,,,,,
.##.#...##≈≈≈≈##..##|#*∆$∆,,,,,,,
###.#...≈≈≈..[.[...#.#*∆$,,,,,,,,
.##.#)..##≈≈≈≈##..##}#*∆∆$,,,,,,,
..#)')..##[.).'.....|#*∆$$,,,,,,,
.######################$∆∆,,,,,,,
#####################.#$∆∆,,,,,,,
.'...'.#.#.#.'...~≈#φ#*∆$∆,,,,,,,
.#.∩.##.#.#.##..8~≈.##***********
.#)).#.#.#.#.#...~≈≈≈#*,,,,,,,+,,
.#...##.#.#.##...~~~~#*,*******,,
▓▓▓▓▓#.#.#.#.#..Y....#*,,,,,,,*,,
~~...##.#.#.##.......#*******,*,,
≈♣♣P.'.#.#.#.#.......#*,,,,,,,*,,
♣♣♣PP##.#.#.##########*******+***
♣♣♣##'###############,*,*,*,*$,
♣♣♣♣♣#.(['[≈≈≈≈##≈.≈§§#*,,,,,,*~~


You could see Nellie (catching breath).

Vanquished Creatures
  Sigmund (D)
  Rupert (D)
  A deep elf blademaster (D)
  Polyphemus (D)
  Gastronok (D)
  Ilsuiw (D)
  3 deep elf demonologists (D)
  Azrael (D)
  A deep elf annihilator (D)
  2 dire elephants (D)
  A merfolk javelineer (D)
  2 yaktaur captains (D)
  2 deep elf high priests (D)
  3 hydras (D)
  5 ice dragons (D)
  Erica (D)
  A centaur warrior (D)
  4 death yaks (D)
  4 orc high priests (D)
  Urug (D)
  A skeletal warrior (D)
  A sea snake (D)
  A spriggan druid (D)
  A death drake (D)
  An orange crystal statue (D)
  3 deep elf zephyrmancers (D)
  A lindwurm (D)
  3 deep elf pyromancers (D)
  An orc sorcerer (D)
  2 elephants (D)
  2 black mambas (D)
  Edmund (D)
  2 cane toads (D)
  An unseen horror (D)
  A rime drake (D)
  2 yaktaurs (D)
  A komodo dragon (D)
  A queen bee (D)
  4 spriggan defenders (D)
  3 wandering mushrooms (D)
  2 tyrant leeches (D)
  8 blink frogs (D)
  3 dream sheep (D)
  A shadow (D)
  2 spriggans (D)
  3 redbacks (D)
  A spatial vortex (D)
  A floating eye (D)
  A hydra simulacrum (D)
  4 orc warriors (D)
  A swamp drake (D)
  A fire dragon simulacrum (D)
  A black mamba simulacrum (D)
  2 centaurs (D)
  An earth elemental (D)
  A necrophage (D)
  A scorpion (D)
  A water elemental (D)
  32 killer bees (D)
  An electric eel (D)
  A jelly (D)
  3 orc priests (D)
  A wizard (D)
  A necromancer (D)
  2 orc wizards (D)
  A polar bear simulacrum (D)
  A wolf simulacrum (D)
  3 humans (D)
  A kobold demonologist (D)
  2 swamp drake simulacra (D)
  8 orcs (D)
  An endoplasm (D)
  3 rats (D)
166 creatures vanquished.

Vanquished Creatures (others)
  16 plants (D)
16 creatures vanquished.

Grand Total: 182 creatures vanquished

Notes
Turn   | Place    | Note
-------+----------+-------------------------------------------
     0 | D        | hellse the Gnoll Transmuter began the quest for the Orb.
     0 | D        | Reached XP level 1. HP: 17/17 MP: 6/6
    29 | D        | Reached skill level 5 in Spellcasting
    59 | D        | Reached skill level 1 in Short Blades
    59 | D        | Reached skill level 1 in Long Blades
    59 | D        | Reached skill level 1 in Axes
    59 | D        | Reached skill level 1 in Maces & Flails
    59 | D        | Reached skill level 1 in Polearms
    59 | D        | Reached skill level 1 in Staves
    59 | D        | Reached skill level 1 in Ranged Weapons
    59 | D        | Reached skill level 1 in Throwing
    59 | D        | Reached skill level 1 in Armour
    59 | D        | Reached skill level 1 in Stealth
    59 | D        | Reached skill level 1 in Shields
    59 | D        | Reached skill level 1 in Conjurations
    59 | D        | Reached skill level 1 in Hexes
    59 | D        | Reached skill level 1 in Summonings
    59 | D        | Reached skill level 1 in Necromancy
    59 | D        | Reached skill level 1 in Translocations
    59 | D        | Reached skill level 1 in Fire Magic
    59 | D        | Reached skill level 1 in Ice Magic
    59 | D        | Reached skill level 1 in Air Magic
    59 | D        | Reached skill level 1 in Earth Magic
    59 | D        | Reached skill level 1 in Poison Magic
    59 | D        | Reached skill level 1 in Invocations
    59 | D        | Reached skill level 1 in Evocations
    59 | D        | Reached XP level 2. HP: 23/24 MP: 8/8
    63 | D        | Noticed a scorpion
    71 | D        | Killed a scorpion
    72 | D        | Reached skill level 5 in Dodging
    72 | D        | Reached XP level 3. HP: 20/30 MP: 8/10
    72 | D        | Reached XP level 4. HP: 24/37 MP: 8/11
    77 | D        | Learned a level 4 spell: Ice Form
   252 | D        | Noticed a water elemental
   257 | D        | Killed a water elemental
   258 | D        | Reached XP level 5. HP: 16/43 MP: 7/13
   373 | D        | Noticed a shadow
   380 | D        | Killed a shadow
   381 | D        | Reached skill level 5 in Fighting
   381 | D        | Reached skill level 5 in Transmutations
   381 | D        | Reached skill level 5 in Invocations
   381 | D        | Reached XP level 6. HP: 51/51 MP: 10/15
   387 | D        | Found a blossoming altar of Fedhas.
   387 | D        | Found a stormy altar of Qazlal.
   387 | D        | Found a snail-covered altar of Cheibriados.
   387 | D        | Found a burning altar of Makhleb.
   387 | D        | Found a shimmering altar of Xom.
   387 | D        | Noticed a spatial vortex
   388 | D        | Found a hazy altar of Hepliaklqana.
   388 | D        | Found an opulent altar of Gozag.
   388 | D        | Found a sparkling altar of Nemelex Xobeh.
   388 | D        | Found a corrupted altar of Lugonu.
   388 | D        | Found a viscous altar of Jiyva.
   394 | D        | Became a worshipper of Gozag Ym Sagoz the Greedy
   406 | D        | Killed a spatial vortex
   407 | D        | Reached skill level 5 in Short Blades
   407 | D        | Reached skill level 5 in Long Blades
   407 | D        | Reached skill level 5 in Axes
   407 | D        | Reached skill level 5 in Maces & Flails
   407 | D        | Reached skill level 5 in Polearms
   407 | D        | Reached skill level 5 in Staves
   407 | D        | Reached skill level 5 in Ranged Weapons
   407 | D        | Reached skill level 5 in Throwing
   407 | D        | Reached skill level 5 in Armour
   407 | D        | Reached skill level 5 in Stealth
   407 | D        | Reached skill level 5 in Shields
   407 | D        | Reached skill level 5 in Evocations
   407 | D        | Reached XP level 7. HP: 57/57 MP: 13/17
   419 | D        | Found a basalt altar of Yredelemnul.
   419 | D        | Found a shadowy altar of Dithmenos.
   419 | D        | Found a sacrificial altar of Ru.
   442 | D        | Found a radiant altar of Vehumet.
   443 | D        | Found a shimmering blue altar of Sif Muna.
   443 | D        | Found an ancient bone altar of Kikubaaqudgha.
   460 | D        | Learned a level 3 spell: Stone Arrow
   464 | D        | Found a glowing silver altar of Zin.
   464 | D        | Found a glowing golden altar of the Shining One.
   464 | D        | Found a white marble altar of Elyvilon.
   465 | D        | Noticed a deep elf pyromancer
   467 | D        | Killed a deep elf pyromancer
   468 | D        | Reached skill level 5 in Conjurations
   468 | D        | Reached skill level 5 in Hexes
   468 | D        | Reached skill level 5 in Summonings
   468 | D        | Reached skill level 5 in Necromancy
   468 | D        | Reached skill level 5 in Translocations
   468 | D        | Reached skill level 5 in Fire Magic
   468 | D        | Reached skill level 5 in Ice Magic
   468 | D        | Reached skill level 5 in Air Magic
   468 | D        | Reached skill level 5 in Earth Magic
   468 | D        | Reached skill level 5 in Poison Magic
   468 | D        | Reached XP level 8. HP: 67/67 MP: 12/20
   474 | D        | Found a hide-covered altar of Uskayaw.
   474 | D        | Found an iron altar of Okawaru.
   474 | D        | Found a bloodstained altar of Trog.
   474 | D        | Found an ornate altar of the Wu Jian Council.
   551 | D        | Noticed Erica
   578 | D        | Killed Erica
   579 | D        | Reached skill level 10 in Unarmed Combat
   579 | D        | Reached XP level 9. HP: 66/74 MP: 4/22
   808 | D        | Noticed a centaur warrior
   812 | D        | Killed a centaur warrior
   825 | D        | Bought a scroll of fear for 56 gold pieces
   839 | D        | Found Cuole's Antique Weapon Shoppe.
   869 | D        | Noticed an orc sorcerer
   887 | D        | Killed an orc sorcerer
   888 | D        | Reached skill level 10 in Spellcasting
   888 | D        | Reached XP level 10. HP: 83/83 MP: 16/24
   902 | D        | Noticed an orc high priest
   928 | D        | Killed an orc high priest
   929 | D        | Reached skill level 10 in Dodging
  1082 | D        | Bought a smoky amethyst potion for 23 gold pieces
  1203 | D        | Killed an unseen horror
  1204 | D        | Reached skill level 10 in Invocations
  1294 | D        | Noticed a cane toad
  1294 | D        | Noticed a cane toad
  1299 | D        | Killed a cane toad
  1301 | D        | Killed a cane toad
  1302 | D        | Reached skill level 10 in Fighting
  1394 | D        | Reached skill level 10 in Short Blades
  1394 | D        | Reached skill level 10 in Long Blades
  1394 | D        | Reached skill level 10 in Axes
  1394 | D        | Reached skill level 10 in Maces & Flails
  1394 | D        | Reached skill level 10 in Polearms
  1394 | D        | Reached skill level 10 in Staves
  1394 | D        | Reached skill level 10 in Ranged Weapons
  1394 | D        | Reached skill level 10 in Throwing
  1394 | D        | Reached skill level 10 in Armour
  1394 | D        | Reached skill level 10 in Stealth
  1394 | D        | Reached skill level 10 in Shields
  1394 | D        | Reached skill level 10 in Evocations
  1394 | D        | Reached XP level 11. HP: 92/92 MP: 9/26
  1607 | D        | Noticed Sigmund
  1607 | D        | Noticed Edmund
  1616 | D        | Killed Sigmund
  1627 | D        | Killed Edmund
  1686 | D        | Noticed a yaktaur captain
  1709 | D        | Reached skill level 10 in Transmutations
  1714 | D        | Noticed a soul eater
  1735 | D        | HP: 6/166 [smoke demon/divine providence[an orc high
                  | priest] (16)]
  2070 | D        | Noticed an orange crystal statue
  2088 | D        | Killed an orange crystal statue
  2101 | D        | Found Juineg's Antique Weapon Emporium.
  2101 | D        | Found Tuischal's Distillery.
  2101 | D        | Found Jogodee's Antique Armour Boutique.
  2101 | D        | Found Vaseth's Antique Weapon Shoppe.
  2101 | D        | Found Goggoff's Jewellery Boutique.
  2101 | D        | Found Xoafifa's Book Emporium.
  2101 | D        | Found Rodeassi's Magic Scroll Shop.
  2101 | D        | Found Dyigruis's Antique Armour Shop.
  2101 | D        | Found Hofailis's Jewellery Emporium.
  2101 | D        | Found Igonuupu's Armour Emporium.
  2101 | D        | Found Elentutz's Armour Boutique.
  2146 | D        | Bought an Inescapable Atlas for 320 gold pieces
  2151 | D        | Learned a level 4 spell: Manifold Assault
  2293 | D        | Bought the +1 cloak "Copnegh" {rPois rN+ Int+5} for 531
                  | gold pieces
  2361 | D        | Noticed a lindwurm
  2365 | D        | Killed a lindwurm
  2417 | D        | Noticed Urug
  2422 | D        | Killed Urug
  2532 | D        | Noticed a four-headed hydra
  2532 | D        | Noticed a five-headed hydra
  2537 | D        | Killed a four-headed hydra
  2540 | D        | Killed a five-headed hydra
  2541 | D        | Reached XP level 12. HP: 83/102 MP: 4/28
  2675 | D        | Identified the ring of Saodwomi {rC+ Dex+6}
  3073 | D        | Found a blossoming altar of Fedhas.
  3082 | D        | Reached skill level 10 in Conjurations
  3082 | D        | Reached skill level 10 in Hexes
  3082 | D        | Reached skill level 10 in Summonings
  3082 | D        | Reached skill level 10 in Necromancy
  3082 | D        | Reached skill level 10 in Translocations
  3082 | D        | Reached skill level 10 in Fire Magic
  3082 | D        | Reached skill level 10 in Ice Magic
  3082 | D        | Reached skill level 10 in Air Magic
  3082 | D        | Reached skill level 10 in Earth Magic
  3082 | D        | Reached skill level 10 in Poison Magic
  3216 | D        | Noticed an ice dragon
  3238 | D        | Found Qaogut's Antique Armour Emporium.
  3238 | D        | Found Yllacs's Book Shop.
  3242 | D        | Noticed an ice dragon
  3262 | D        | Killed an ice dragon
  3265 | D        | Killed an ice dragon
  3488 | D        | Noticed an ice dragon
  3490 | D        | Noticed an ice dragon
  3493 | D        | Noticed an ice dragon
  3500 | D        | Killed an ice dragon
  3508 | D        | Killed an ice dragon
  3508 | D        | Killed an ice dragon
  3549 | D        | Noticed a seven-headed hydra
  3715 | D        | Learned a level 7 spell: Storm Form
  3728 | D        | Killed a seven-headed hydra
  3729 | D        | Found Nuduetiu's Magic Scroll Shoppe.
  3749 | D        | Bought a scroll of magic mapping for 90 gold pieces
  3888 | D        | Noticed a dire elephant
  3888 | D        | Noticed a dire elephant
  3888 | D        | Noticed Gastronok
  3901 | D        | Killed a dire elephant
  4080 | D        | Killed Gastronok
  4337 | D        | Killed a dire elephant
  4355 | D        | Noticed an azure jelly
  4356 | D        | Noticed an azure jelly
  4356 | D        | Noticed an azure jelly
  4360 | D        | Bought a scroll of fog for 60 gold pieces
  4361 | D        | Noticed an azure jelly
  4363 | D        | Noticed Rupert
  4626 | D        | Reached XP level 13. HP: 83/111 MP: 23/30
  4842 | D        | Bought a copper ring for 130 gold pieces
  4928 | D        | Noticed a deep elf annihilator
  4929 | D        | Noticed a deep elf demonologist
  4934 | D        | Killed a deep elf demonologist
  4934 | D        | Noticed a deep elf high priest
  4935 | D        | Killed a deep elf high priest
  5070 | D        | Noticed a deep elf blademaster
  5073 | D        | Identified the +3 short sword "Guerasug" {vorpal, rCorr
                  | Dex+4 SInv}
  5076 | D        | Killed a deep elf annihilator
  5078 | D        | Noticed a deep elf high priest
  5078 | D        | Identified the +8 falchion "Beetleslayer" {pain, +Blink
                  | Will+ Int+4}
  5078 | D        | Noticed a deep elf demonologist
  5215 | D        | Noticed a deep elf demonologist
  5220 | D        | Killed a deep elf high priest
  5220 | D        | Killed a deep elf demonologist
  5221 | D        | Reached skill level 15 in Unarmed Combat
  5359 | D        | Killed a deep elf blademaster
  5362 | D        | Killed a deep elf demonologist
  5363 | D        | Reached skill level 15 in Invocations
  5533 | D        | Identified the ring of Weluin {rElec MP+9 Str+2 Stlth-}
  5533 | D        | Identified the ring "Iwogiren" {Ice rPois}
  5540 | D        | Got the Tome of Calefaction and the Mausoleum
  5561 | D        | Learned a level 5 spell: Silence
  5718 | D        | Bought the ring "Xamib" {rN+ Will+ Int+4 Slay+4 Stlth-} for
                  | 1416 gold pieces
  5798 | D        | Killed Rupert
  5817 | D        | Reached skill level 15 in Spellcasting
  5822 | D        | Reached skill level 15 in Dodging
  5854 | D        | Noticed Polyphemus
  5867 | D        | Killed Polyphemus
  5868 | D        | Reached XP level 14. HP: 100/121 MP: 29/33
  5870 | D        | Noticed Ilsuiw
  5879 | D        | Found Xeighuma's Antique Armour Shoppe.
  5879 | D        | Found Hidiunt's Jewellery Boutique.
  5886 | D        | Killed Ilsuiw
  5909 | D        | Found Junig's Distillery.
  5921 | D        | Reached skill level 15 in Fighting
  5940 | D        | Got a barnacled rune of Zot
  6199 | D        | Got a decaying rune of Zot
  6635 | D        | Noticed Azrael
  6638 | D        | Killed Azrael
  6639 | D        | Reached skill level 15 in Short Blades
  6639 | D        | Reached skill level 15 in Long Blades
  6639 | D        | Reached skill level 15 in Axes
  6639 | D        | Reached skill level 15 in Maces & Flails
  6639 | D        | Reached skill level 15 in Polearms
  6639 | D        | Reached skill level 15 in Staves
  6639 | D        | Reached skill level 15 in Ranged Weapons
  6639 | D        | Reached skill level 15 in Throwing
  6639 | D        | Reached skill level 15 in Armour
  6639 | D        | Reached skill level 15 in Stealth
  6639 | D        | Reached skill level 15 in Shields
  6639 | D        | Reached skill level 15 in Evocations
  6654 | D        | Acquired the Papyrus of Transmuted Hypothermia
  6656 | D        | Acquired 352 gold pieces
  6665 | D        | Learned a level 6 spell: Statue Form
  6668 | D        | Learned a level 2 spell: Blink
  6705 | D        | Noticed Nellie
  6739 | D        | HP: 3/159 [Nellie/blast of flame (25)]
  6741 | D        | Killed from afar by Nellie

Illustrated notes

Levels and vault maps discovered:
D:        dungeon_sprint_mu [sprint_mu_entry_cave, sprint_mu_temple_rooms,
          sprint_mu_d1_horrors, sprint_mu_d2_genie, sprint_mu_d3_branching,
          sprint_mu_orc_legion, sprint_mu_elf_gauntlet, sprint_mu_hive_nellie,
          sprint_mu_lair_fedhas, sprint_mu_vaults_butterflies,
          sprint_mu_slime_circle, sprint_mu_swamp_cave, sprint_mu_shoals_archi,
          sprint_mu_blade_basic, sprint_mu_crypt_chambers,
          sprint_mu_tomb_spiral, sprint_mu_vestibule_basic,
          sprint_mu_gehenna_hellfire, sprint_mu_dis_giant,
          sprint_mu_tartarus_statrot, sprint_mu_cocytus_islands, sprint_mu_zot1]

Skill      XL: |  1  2  3  4  5  6  7  8  9 10 11 12 13 14 |
---------------+-------------------------------------------+-----
Spellcasting   | 5 6 7 8 9 10 11 12 13 15 | 15.7
Fighting       | 3 4 5 7 8 9 10 11 13 14 15 | 15.2
Short Blades   | 1 2 3 4 5 6 7 8 10 11 12 14 15 | 15.0
Long Blades    | 1 2 3 4 5 6 7 8 10 11 12 14 15 | 15.0
Axes           | 1 2 3 4 5 6 7 8 10 11 12 14 15 | 15.0
Maces & Flails | 1 2 3 4 5 6 7 8 10 11 12 14 15 | 15.0
Polearms       | 1 2 3 4 5 6 7 8 10 11 12 14 15 | 15.0
Staves         | 1 2 3 4 5 6 7 8 10 11 12 14 15 | 15.0
Ranged Weapons | 1 2 3 4 5 6 7 8 10 11 12 14 15 | 15.0
Throwing       | 1 2 3 4 5 6 7 8 10 11 12 14 15 | 15.0
Armour         | 1 2 3 4 5 6 7 8 10 11 12 14 15 | 15.0
Stealth        | 1 2 3 4 5 6 7 8 10 11 12 14 15 | 15.0
Shields        | 1 2 3 4 5 6 7 8 10 11 12 14 15 | 15.0
Conjurations   | 1 2 3 4 5 6 7 8 9 11 12 | 12.7
Hexes          | 1 2 3 4 5 6 7 8 9 11 12 | 12.7
Summonings     | 1 2 3 4 5 6 7 8 9 11 12 | 12.7
Necromancy     | 1 2 3 4 5 6 7 8 9 11 12 | 12.7
Translocations | 1 2 3 4 5 6 7 8 9 11 12 | 12.7
Transmutations | 4 5 6 7 8 9 10 11 12 13 | 13.2
Fire Magic     | 1 2 3 4 5 6 7 8 9 11 12 | 12.7
Ice Magic      | 1 2 3 4 5 6 7 8 9 11 12 | 12.7
Air Magic      | 1 2 3 4 5 6 7 8 9 11 12 | 12.7
Earth Magic    | 1 2 3 4 5 6 7 8 9 11 12 | 12.7
Poison Magic   | 1 2 3 4 5 6 7 8 9 11 12 | 12.7
Invocations    | 1 3 5 7 8 9 10 12 14 15 16 | 16.2
Evocations     | 1 2 3 4 5 6 7 8 10 11 12 14 15 | 15.0
Dodging        | 5 6 7 8 9 11 12 13 15 | 15.6
Unarmed Combat | 7 8 9 10 11 13 14 15 16 | 16.2

Action                   |  1- 3 |  4- 6 |  7- 9 | 10-12 | 13-15 || total
-------------------------+-------+-------+-------+-------+-------++-------
Melee: Unarmed           |    26 |    19 |    65 |   239 |   157 ||   506
       Kick              |     8 |       |       |       |       ||     8
       Headbutt          |     5 |       |       |       |       ||     5
       Bite              |     5 |       |       |       |     4 ||     9
       Punch             |       |       |       |     5 |    16 ||    21
       Falchion          |       |       |       |       |    24 ||    24
 Cast: Beastly Appendage |     4 |       |       |       |     1 ||     5
       Ice Form          |       |     2 |     7 |    18 |     1 ||    28
       Stone Arrow       |       |       |     8 |    27 |     1 ||    36
       Manifold Assault  |       |       |       |    19 |    34 ||    53
       Storm Form        |       |       |       |     4 |    16 ||    20
       Statue Form       |       |       |       |       |     1 ||     1
Invok: Call Merchant     |       |       |     1 |     6 |     1 ||     8
       Potion Petition   |       |       |       |       |     2 ||     2
 Abil: End Transformatio |       |       |     1 |     1 |       ||     2
       Blinkbolt         |       |       |       |       |     1 ||     1
Evoke: Phantom mirror    |       |       |       |     1 |     1 ||     2
       Wand              |       |       |       |     4 |     1 ||     5
  Use: Scroll            |       |       |       |     4 |    12 ||    16
       Potion            |       |       |       |     2 |     2 ||     4
 Stab: Sleeping          |     2 |     1 |     3 |    15 |       ||    21
       Distracted        |       |       |       |     1 |     5 ||     6
       Confused          |       |       |       |     1 |       ||     1
Armor: Robe              |     2 |       |       |     1 |       ||     3
       Skin              |       |     5 |    16 |    38 |    40 ||    99
Dodge: Dodged            |    15 |     5 |    32 |   115 |   101 ||   268

Table legend: (Time is in decaauts)
 A = Elapsed time spent in this place.
 B = Non-inter-level travel time spent in this place.
 C = Inter-level travel time spent in this place.
 D = Time resting spent in this place.
 E = Time spent auto-exploring this place.
 F = Levels seen in this place.
 G = Mean time per level.
                   A        B        C        D        E       F      G
               +--------+--------+--------+--------+--------+-----+--------+
         Total |   6694 |   6123 |    571 |   4112 |      0 |   1 | 6694.0 |
       Dungeon |   6694 |   6123 |    571 |   4112 |      0 |   1 | 6694.0 |
               +--------+--------+--------+--------+--------+-----+--------+

Top non-repeatable levels by time:
       D: 6694 daAuts
